 Dungeon Crawl Stone Soup version 0.20-a0-1016-g241539b (webtiles) character file.

935 FastMan the Chopper (level 8, -8/64 HPs)
             Began as a Formicid Fighter on Apr 16, 2017.
             Was an Initiate of Cheibriados.
             Mangled by a two-headed ogre
             ... wielding a +0 giant club
              (12 damage)
             ... on level 5 of the Dungeon.
             The game lasted 00:02:28 (3035 turns).

FastMan the Chopper (Formicid Fighter)              Turns: 3035, Time: 00:02:29

Health: -8/64      AC: 12    Str: 28    XL:     8   Next: 33%
Magic:  8/8        EV:  7    Int:  8    God:    Cheibriados [......]
Gold:   278        SH: 11    Dex: 13    Spells: 7/7 levels left

rFire    . . .     SeeInvis +   a - +0 war axe
rCold    . . .     Gourm    .   c - +0 shield
rNeg     . . .     Faith    +   k - +0 chain mail
rPois    .         Spirit   .   (helmet unavailable)
rElec    .         Reflect  .   (no cloak)
rCorr    .         Harm     .   u - +2 pair of gloves
MR       .....                  (no boots)
Stlth    ..........             i - amulet of faith
Regen    0.2/turn               (no ring)
MPRegen  0.2/turn               (no ring)

@: mighty, very slow
A: permanent stasis, dig shafts and tunnels, four strong arms, antennae 3
a: Dig, Shaft Self, Bend Time, Renounce Religion


You were on level 5 of the Dungeon.
You worshipped Cheibriados.
Cheibriados was noncommittal.
You were not hungry.

You visited 1 branch of the dungeon, and saw 5 of its levels.

You collected 278 gold pieces.

Inventory:

Hand Weapons
 a - a +0 war axe (weapon)
 b - a +0 flail
Armour
 c - a +0 shield (worn)
 k - a +0 chain mail (worn)
 q - a +0 scale mail
 u - a +2 pair of gloves (worn)
Jewellery
 i - an amulet of faith (around neck)
Scrolls
 e - 3 scrolls of fog {unknown}
 j - 5 scrolls of identify {@r1}
 p - a scroll of amnesia {unknown}
Potions
 g - 3 potions of cancellation
 l - a potion of lignification
 m - 2 potions of haste {unknown}
 n - a potion of mutation
 r - a potion of resistance {unknown}
 s - a potion of flight {unknown}
 t - a potion of curing {unknown}
Comestibles
 f - 4 bread rations {@e1}
 h - 2 royal jellies {@e3}
 o - 2 meat rations {@e2}
 v - 4 fruits {@e4}


   Skills:
 + Level 5.8 Fighting
 * Level 6.8 Axes
 - Level 3.2 Armour
 + Level 6.4 Shields


You had 7 spell levels left.
You didn't know any spells.

Dungeon Overview and Level Annotations

Branches:
Dungeon (5/15)
 Temple: D:4-7

Altars:
Cheibriados


Innate Abilities, Weirdness & Mutations

You cannot be hasted, slowed, berserked, paralysed or teleported.
You can dig through walls and to a lower floor.
Your four strong arms can wield two-handed weapons with a shield.
You have a pair of large antennae on your head. (SInv)


Message History

The two-headed ogre is lightly wounded.
The two-headed ogre hits you with a giant club!
You block the two-headed ogre's attack.
Unknown command.
You feel very mighty all of a sudden. You block the two-headed ogre's attack.
The two-headed ogre hits you with a giant spiked club!
You slash the two-headed ogre!
The two-headed ogre is moderately wounded.
You block the two-headed ogre's attack. x2
You hit the two-headed ogre.
The two-headed ogre is heavily wounded.
The two-headed ogre hits you with a giant club!
* * * LOW HITPOINT WARNING * * *
The two-headed ogre hits you with a giant spiked club!
* * * LOW HITPOINT WARNING * * *
You slash the two-headed ogre!
The two-headed ogre is severely wounded.
The two-headed ogre hits you with a giant club!
You die...

#.# # #.# ##
#.# ##. #.#
#.. #.# #..
#.# #..
####.#####.
##.
#..........#
##
#@##........
#
#O##########
#h# #.# #.#
#.. ###


You could see a two-headed ogre and a hound.

Vanquished Creatures
  2 phantoms (D:5)
  An ogre (D:5)
  A centaur (D:5)
  A sky beast (D:5)
  A crimson imp (D:5)
  3 hounds
  An orc priest (D:5)
  An orc wizard (D:5)
  2 bullfrog skeletons
  An iguana (D:5)
  3 worker ants
  A hound skeleton (D:4)
  A river rat (D:3)
  7 adders
  An ooze (D:1)
  An adder skeleton (D:5)
  5 worms
  2 dart slugs (D:1)
  2 leopard geckos
  6 orcs
  2 bats
  4 giant cockroaches
  6 goblins
  2 hobgoblins
  5 kobolds
  3 quokkas
  A ball python (D:4)
  2 frilled lizards
  9 rats
77 creatures vanquished.

Notes
Turn   | Place    | Note
-------+----------+-------------------------------------------
     0 | D:1      | FastMan the Formicid Fighter began the quest for the Orb.
     0 | D:1      | Reached XP level 1. HP: 18/18 MP: 1/1
     0 | D:1      | Noticed a draconian
     4 | D:1      | Noticed a minotaur
     5 | D:1      | Noticed a troll
     7 | D:1      | Noticed a ghoul
     8 | D:1      | Noticed a felid
    10 | D:1      | Noticed a formicid
    10 | D:1      | Noticed a dwarf
    14 | D:1      | Noticed an octopode
    16 | D:1      | Noticed a ghoul
    16 | D:1      | Noticed a human
    18 | D:1      | Noticed a dwarf
   190 | D:1      | Reached XP level 2. HP: 22/24 MP: 2/2
   513 | D:1      | Reached XP level 3. HP: 29/29 MP: 3/3
  1021 | D:2      | Reached XP level 4. HP: 37/37 MP: 4/4
  1382 | D:3      | Reached XP level 5. HP: 34/42 MP: 5/5
  1703 | D:4      | Reached XP level 6. HP: 34/48 MP: 6/6
  1707 | D:4      | Reached skill level 5 in Shields
  1976 | D:5      | Entered Level 5 of the Dungeon
  1982 | D:5      | Reached skill level 5 in Axes
  2061 | D:5      | Reached XP level 7. HP: 48/55 MP: 7/7
  2128 | D:5      | Found a snail-covered altar of Cheibriados.
  2212 | D:5      | Became a worshipper of Cheibriados the Contemplative
  2288 | D:5      | Reached skill level 5 in Fighting
  2531 | D:5      | Reached XP level 8. HP: 42/63 MP: 8/8
  3028 | D:5      | Noticed a two-headed ogre
  3035 | D:5      | Mangled by a two-headed ogre

Vault maps used:
D:1:      shiori_arrival_whats_in_store_for_you
D:2:      hex_medium
D:3:      lightli_sewer_entry_pipes, uniq_crazy_yiuf_cottage
D:5:      kennysheep_six_static_rooms, serial_shops, shop_coins, first_bread,
          basic_altar

Skill      XL: |  1  2  3  4  5  6  7 |
---------------+----------------------+-----
Shields        | 4 5 6 |  6.4
Axes           | 3 4 5 6 |  6.8
Fighting       | 4 5 |  5.8
Armour         | |  3.2

Action                   |  1- 3 |  4- 6 |  7- 9 || total
-------------------------+-------+-------+-------++-------
Melee: War axe           |    79 |   170 |   123 ||   372
  Use: Scroll            |       |     9 |       ||     9
       Potion            |       |       |     1 ||     1
  Eat: Chunk             |       |     4 |     4 ||     8
Armor: Scale mail        |    19 |       |       ||    19
       Chain mail        |       |   103 |    35 ||   138
Dodge: Dodged            |    34 |    54 |    22 ||   110
Block: Shield            |    41 |    91 |    54 ||   186
